 Dungeon Crawl Stone Soup version 0.32-a0-981-g384da2ce10 (webtiles) character file.

Game seed: 7481712673085917413

602123 BlackSun the Thanatomancer (level 25, -1/223 (228) HPs)
             Began as a Grey Draconian Necromancer on Apr 19, 2024.
             Was the Champion of Jiyva.
             Killed from afar by a purple draconian (25 damage)
             ... with a bolt of dispelling energy
             ... led by a white draconian stormcaller
             ... on level 3 of the Realm of Zot on Apr 20, 2024.
             The game lasted 03:23:06 (61659 turns).

BlackSun the Thanatomancer (DrNe)                  Turns: 61659, Time: 03:23:06

HP:   -1/223 (228)  AC: 23    Str:  8    XL:     25   Next: 70%
MP:   39/54         EV: 18    Int: 35    God:    Jiyva [******]
Gold: 4645          SH:  0    Dex: 11    Spells: 1/61 levels left

rFire   + . .        Q - +3 rapier "Ruryppiav" {venom, rElec rF+}
rCold   . . .        (no shield)
rNeg    . . .        (body armour unavailable)
rPois   +            G - +0 mask of the Dragon {Will+ Slay+3 SInv}
rElec   +            j - +1 cloak {rCorr}
rCorr   +            t - +0 pair of gloves
SInv    +            d - +1 pair of boots of the Doldrums {rElec}
Will    ++...        g - amulet of regeneration
Stlth   +++++        W - ring of magical power
HPRegen 2.97/turn    P - ring of poison resistance
MPRegen 1.14/turn

%: no passive effects
@: death channelling (expiring), frozen, animating dead (expiring), studying 3
skills, lightly drained, very slow
A: mud breath, mud-swimmer, AC +17, amphibious, unfitting armour, cold-blooded,
stinger 2, clever 2, wild magic 3, eyeballs 3, gelatinous body 1, pseudopods 1,
translucent skin 1, tendrils, MP-powered wands, engulf
}: 4/15 runes: barnacled, slimy, silver, gossamer
a: Mud Breath, Renounce Religion, Oozemancy, Slimify


You were on level 3 of the Realm of Zot.
You worshipped Jiyva.
Jiyva was exalted by your worship.
You visited 12 branches of the dungeon, and saw 54 of its levels.
You visited 1 ziggurat, and saw 6 of its levels.
You also visited: Gauntlet.

You collected 6286 gold pieces.
You spent 1641 gold pieces at shops.

Inventory:

Hand Weapons
 x - the +4 scimitar "Fophonum" {freeze, rN+++ Str+3 Int-4 Stlth+}
   (You found it on level 3 of the Lair of Beasts)

   Str+3:     It affects your strength (+3).
   Int-4:     It affects your intelligence (-4).
   rN+++:     It renders you almost immune to negative energy.
   Stlth+:    It makes you more stealthy.
 Q - the +3 rapier "Ruryppiav" (weapon) {venom, rElec rF+}
   (You took it off a vault sentinel on level 5 of the Vaults)

   rF+:       It protects you from fire.
   rElec:     It insulates you from electricity.
Missiles
 K - 3 throwing nets {=f!f}
Armour
 d - the +1 pair of boots of the Doldrums (worn) {rElec}
   (You found it on level 5 of the Vaults)

   rElec:     It insulates you from electricity.
 j - a +1 cloak of preservation (worn)
 q - the +0 pair of boots of Dull Divine Compulsion {rN+++ Will- Str+3 Int-3}
   (You found it on level 10 of the Dungeon)

   Str+3:     It affects your strength (+3).
   Int-3:     It affects your intelligence (-3).
   rN+++:     It renders you almost immune to negative energy.
   Will-:     It decreases your willpower.
 t - a +0 pair of gloves (worn)
 B - an orb of energy
 G - the +0 mask of the Dragon (worn) {Will+ Slay+3 SInv}
   (You bought it in a shop on level 2 of the Orcish Mines)

   Slay+3:    It affects your accuracy & damage with ranged weapons and melee
   (+3).
   Will+:     It increases your willpower.
   SInv:      It lets you see invisible.
 Y - a +0 buckler of protection
Magical Staves
 l - the staff "Orb Guardian's Foe" {rElec rN+ rCorr Necro, !a}
   (You found it on level 2 of the Depths)

   [staff of death]

   Base accuracy: +5 Base damage: 5 Base attack delay: 1.2 This weapon's minimum
   attack delay (0.6) is reached at skill level 12.
   rElec:     It insulates you from electricity.
   rN+:       It protects you from negative energy.
   rCorr:     It protects you from acid and corrosion.
   Necro:     It increases the power of your Necromancy spells.
   It falls into the 'Staves' category.
   It is a one-handed weapon.
 R - the staff of Ryxefap {rN+ Int+5 Conj Necro, !a}
   (You found it on level 3 of the Crypt)

   [staff of death]

   Base accuracy: +5 Base damage: 5 Base attack delay: 1.2 This weapon's minimum
   attack delay (0.6) is reached at skill level 12.
   Int+5:     It affects your intelligence (+5).
   rN+:       It protects you from negative energy.
   Conj:      It increases the power of your Conjurations spells.
   Necro:     It increases the power of your Necromancy spells.
   It falls into the 'Staves' category.
   It is a one-handed weapon.
Jewellery
 g - an amulet of regeneration (around neck)
 v - a ring of see invisible
 C - a ring of protection from cold
 D - the ring of Gyady {*Slow rC+ rN++ Slay+5}
   (You found it on level 5 of the Pits of Slime)

   [ring of protection from cold]

   Slay+5:    It affects your accuracy & damage with ranged weapons and melee
   (+5).
   rC+:       It protects you from cold.
   rN++:      It greatly protects you from negative energy.
   *Slow:     It may slow you when you take damage.
 H - an amulet of magic regeneration
 O - the ring "Hoggaonu" {rC+ Str+3}
   (You found it on level 11 of the Dungeon)

   [ring of protection from cold]

   Str+3:     It affects your strength (+3).
   rC+:       It protects you from cold.
 P - a ring of poison resistance (right hand)
 T - the amulet "Plog" {Reflect ^Fragile +Inv Slay-5 SH+5 SInv}
   (You found it on level 1 of the Spider Nest)

   [amulet of reflection]

   Reflect:   It reflects blocked missile attacks.
   Slay-5:    It affects your accuracy & damage with ranged weapons and melee
   (-5).
   SInv:      It lets you see invisible.
   +Inv:      It lets you turn invisible.
   ^Fragile:  It will be destroyed if unequipped.
   SH+5:      It affects your SH (+5).
 W - a ring of magical power (left hand)
Wands
 X - a wand of digging (7)
Scrolls
 k - 21 scrolls of identify {@r1}
 m - 4 scrolls of immolation {!r!r}
 n - 2 scrolls of fog
 p - 4 scrolls of enchant armour
 s - 5 scrolls of revelation
 u - a scroll of amnesia
 w - 8 scrolls of teleportation {@r4}
 y - 8 scrolls of enchant weapon
 E - 7 scrolls of vulnerability {!r!r}
 L - 2 scrolls of fear
 M - a scroll of summoning
 Z - 2 scrolls of torment {!r}
Potions
 b - 4 potions of resistance
 e - 8 potions of brilliance
 f - 4 potions of enlightenment
 h - 6 potions of berserk rage {!q}
 i - 2 potions of haste {@q3}
 o - 4 potions of attraction {!q}
 r - 14 potions of curing {@q1}
 z - 2 potions of might
 A - 6 potions of lignification {!q}
 J - a potion of cancellation
 U - 4 potions of ambrosia
 V - 7 potions of mutation {!q}
Miscellaneous
 F - a Gell's gravitambourine (1/2)
 I - a condenser vane
 S - a lightning rod (4/4)


   Skills:
 + Level 19.2 Fighting
 + Level 17.1 Dodging
 - Level 8.0 Stealth
 + Level 18.7 Spellcasting
 - Level 5.0 Hexes
 * Level 17.2 Summonings
 * Level 26.1 Necromancy
 * Level 10.7 Translocations
 - Level 10.0 Ice Magic
 - Level 5.0 Air Magic
 - Level 6.0 Earth Magic


You had one spell level left.
You knew the following spells:

 Your Spells              Type           Power      Damage    Failure   Level
a - Animate Dead          Necr           100%       N/A       1%          4
b - Borgnjor's Vile Clut  Necr/Erth      67%        N/A       1%          5
d - Death Channel         Necr           80%        N/A       1%          6
h - Haunt                 Necr/Summ      75%        N/A       2%          7
i - Infestation           Necr           80%        N/A       2%          8
m - Malign Gateway        Summ/Tloc      64%        N/A       12%         7
p - Passwall              Erth           97%        N/A       3%          3
u - Dispel Undead         Necr           100%       3d31      1%          4
D - Death's Door          Necr           80%        N/A       11%         9
X - Rimeblight            Ice/Necr       70%        2d11      (prim4%     7

Your spell library contained the following spells:

 Spells                   Type           Power      Damage    Failure   Level
 Apportation              Tloc           100%       N/A       1%          1
 Freeze                   Ice            100%       1d10      1%          1
 Kiss of Death            Conj/Necr      100%       2d13      1%          1
 Necrotise                Necr           100%       1d9       1%          1
 Summon Small Mammal      Summ           100%       N/A       1%          1
 Sandblast                Erth           100%       2d20      2%          1
 Slow                     Hex            100%       N/A       2%          1
 Foxfire                  Conj/Fire      100%       2x1d9     7%          1
 Magic Dart               Conj           100%       1d8       7%          1
 Sting                    Conj/Alch      100%       1d9       7%          1
 Cigotuvi's Dreadful Rot  Necr/Alch/Air  100%       N/A       1%          2
 Ensorcelled Hibernation  Hex/Ice        100%       N/A       1%          2
 Sublimation of Blood     Necr           100%       N/A       1%          2
 Call Canine Familiar     Summ           100%       N/A       1%          3
 Frozen Ramparts          Ice            100%       1d16      1%          3
 Ozocubu's Armour         Ice            100%       N/A       1%          3
 Summon Ice Beast         Ice/Summ       100%       N/A       1%          3
 Teleport Other           Tloc           100%       N/A       1%          3
 Vampiric Draining        Necr           100%       2d13      1%          3
 Anguish                  Hex/Necr       66%        N/A       1%          4
 Martyr's Knell           Necr/Summ      100%       N/A       1%          4
 Curse of Agony           Necr           100%       N/A       1%          5
 Summon Lightning Spire   Summ/Air       100%       N/A       2%          4
 Borgnjor's Revivificati  Necr           80%        N/A       2%          8
 Static Discharge         Conj/Air       100%       3-8/arc   4%          2
 Confusing Touch          Hex            91%        N/A       4%          3
 Hailstorm                Conj/Ice       91%        3d15      4%          3
 Sigil of Binding         Hex            91%        N/A       4%          3
 Swiftness                Air            91%        N/A       4%          3
 Volatile Blastmotes      Fire/Tloc      100%       2d18      4%          3
 Dimensional Bullseye     Hex/Tloc       52%        N/A       4%          4
 Vhi's Electric Charge    Tloc/Air       100%       N/A       4%          4
 Stone Arrow              Conj/Erth      100%       3d13      6%          3
 Inner Flame              Hex/Fire       77%        N/A       7%          3
 Iskenderun's Mystic Bla  Conj/Tloc      93%        2d18      (+2d17%     4
 Airstrike                Air            45%        2d(7-23)  8%          4
 Cause Fear               Hex            45%        N/A       8%          4
 Metabolic Englaciation   Hex/Ice        52%        N/A       8%          5
 Searing Ray              Conj           100%       2d8       9%          2
 Dispersal                Tloc           58%        N/A       10%         6
 Gell's Gavotte           Tloc           58%        2d(37-55) 10%         6
 Lee's Rapid Deconstruct  Erth           48%        3d23*     11%         5
 Brom's Barrelling Bould  Conj/Erth      80%        2d9       13%         4
 Leda's Liquefaction      Alch/Erth      40%        N/A       13%         4
 Petrify                  Alch/Erth      80%        N/A       13%         4
 Summon Horrible Things   Summ           69%        N/A       19%         8
 Permafrost Eruption      Ice/Erth       53%        2x4d12    21%         6
 Fulminant Prism          Conj/Alch      29%        3d13      28%         4
 Ignite Poison            Fire/Alch      58%        N/A       28%         4
 Sticky Flame             Fire/Alch      58%        2d10      28%         4
 Yara's Violent Unravell  Hex/Alch       38%        3d15      28%         5
 Sculpt Simulacrum        Ice/Alch       45%        N/A       45%         6
 Alistair's Intoxication  Alch           38%        N/A       54%         5
 Irradiate                Conj/Alch      29%        3d21      54%         5
 Iskenderun's Battlesphe  Conj           58%        2d11      54%         5
 Bombard                  Conj/Erth      40%        9d7       67%         6
 Plasma Beam              Fire/Air       38%        2x1d52    75%         6
 Magnavolt                Erth/Air       47%        3d20      86%         7
 Starburst                Conj/Fire      29%        6d9       95%         6
 Seismic Cannonade        Alch/Erth      40%        6d14      99%         7
 Fulsome Fusillade        Conj/Alch      29%        (3-5)d10  100%        8
 Ignition                 Fire           29%        3d9       100%        8
 Fire Storm               Conj/Fire      29%        8d7       100%        9
 Shatter                  Erth           48%        3d37*     100%        9
 Animate Armour           Summ/Erth      Unusable   N/A       N/A         4

Dungeon Overview and Level Annotations

Branches:
Dungeon (15/15)            Temple (1/1) D:6            Lair (5/5) D:11
 Shoals (4/4) Lair:3       Spider (4/4) Lair:2        Slime (5/5) Lair:4
    Orc (2/2) D:12            Elf (3/3) Orc:2        Vaults (5/5) D:14
  Crypt (3/3) Vaults:3       Tomb (0/3) Crypt:3      Depths (4/4) D:15
    Zot (3/5) Depths:4    Gauntlet (visited)

Altars:
Ashenzari
Cheibriados
Dithmenos
Elyvilon
Fedhas
Gozag
Hepliaklqana
Kikubaaqudgha
Makhleb
Nemelex Xobeh
Okawaru
Qazlal
Ru
Sif Muna
Trog
Uskayaw
Vehumet
Wu Jian
Xom
Yredelemnul
Zin
The Shining One
Beogh
Jiyva

Shops:
D:1 !   D:8 =   D:11 (   D:15 :   Orc:2 ?[([   Elf:1 =   Shoals:1 (
Shoals:3 :(   Vaults:3 (   Vaults:4 (   Depths:4 *

Portals:
Hell: Depths:1 Depths:2 Depths:3 Depths:4
Abyss: Depths:3
Pandemonium: Depths:2
Trove: Vaults:4 (give 18 potions of curing)

Annotations:
Slime:5 Dissolution; Royal Jelly


Innate Abilities, Weirdness & Mutations

You can breathe torrents of mud.
You are unimpeded by mud.
Your dull iron-grey scales are very hard. (AC +17)
You are amphibious.
You cannot fit into any form of body armour.
You are cold-blooded and may be slowed by cold attacks.
Your tail ends in a sharp venomous barb.
Your mind is very acute. (Int +8, Str/Dex -2)
Your spells are much harder to cast, but much more powerful.
Your body is covered in eyes which may confuse attackers. (Acc +7, SInv)
Your rubbery body absorbs attacks. (AC +1, EV +1)
Armour fits poorly on your pseudopods.
Your translucent skin slightly reduces your foes' accuracy. (Stealth+)
You are covered in slimy tendrils that may disarm your opponents.
You expend magic power (3 MP) to strengthen your wands.
Your melee attacks may engulf your foes in ooze.


Message History

The bolt of lightning hits your storm dragon.
Your storm dragon completely resists.
The bolt of lightning hits you. You resist.
* * * LOW HITPOINT WARNING * * *
The bolt of lightning misses you.
The purple draconian completely misses you.
The ghost moth stares at your electric golem.
Your electric golem's magic leaks into the air.
The ghost moth hits your storm dragon!
The ghost moth hits your storm dragon but does no damage.
The ghost moth stings your storm dragon!
Your storm dragon dies!
Your storm dragon's corpse dissolves into shadows!
The tentacled monstrosity tentacle-slaps your electric golem!
The tentacled monstrosity completely misses your electric golem.
The tentacled monstrosity tentacle-slaps your electric golem.
Your red draconian zombie hits the storm dragon.
The white draconian stormcaller breathes frost at you.
The blast of cold hits you!!
* * * LOW HITPOINT WARNING * * *
You hear a roar!
Blink to where?
Press: ? - help, Q - select action, (/) - cycle Dir - move target
As you read the scroll of blinking {!r}, it crumbles to dust.
The rime drake seems to regain its courage.
The rime drake breathes ice at you. The icy flash freeze hits you.
* * * LOW HITPOINT WARNING * * *
You are encased in ice.
The storm dragon bites your red draconian zombie.
The storm dragon claws your red draconian zombie but does no damage.
The storm dragon tramples your red draconian zombie.
Your red draconian zombie stumbles backwards!
The rime drake bites you but does no damage.
Your red draconian zombie hits the storm dragon!
Magic courses through your body.
Your electric golem hurls lightning at the tentacled monstrosity.
The bolt of lightning hits the tentacled monstrosity!
The tentacled monstrosity resists.
The tentacled monstrosity dies!
The storm dragon bites your red draconian zombie!!
The storm dragon claws your red draconian zombie.
The storm dragon tramples your red draconian zombie.
Your red draconian zombie holds its ground!
The purple draconian breathes dispelling energy at you.
The bolt of dispelling energy hits you!!
You feel strangely stable.
Your magical effects are unravelling.
You die...
Jiyva sends a jelly to digest your remains.

###....y........,,,,
###§.9..q.......,,,,
###....D.†......,,,,
###d)..Z........,,,,
###...)##.......,,,,
###.q..####.....,,,,
###...§####.....,,,,
###..d.####.....,,,,
###@...####.....,,,,
###k...####.....,,,,
###....####....,,,,,
#....# *,,,,,,,,,
#....# *,,,,,,,,,
#....# *,,,,,,,,,
#.<..# *,,,,,,,,,
#....# *,,,,,,,,,
#....# *,,,,,,,,,


You could see a black draconian knight (fast, invisible), a storm dragon (ally
target), a yellow draconian, a purple draconian (catching breath), a white
draconian stormcaller (catching breath), a rime drake (summoned, catching
breath), a friendly electric golem (summoned, magic disrupted) and a friendly
red draconian zombie.

Vanquished Creatures
  A dread lich (Vaults:5)
  A juggernaut (Depths:2)
  The ghost of Gaexku the Warrior, a veteran DrSh of Okawaru (Depths:1)
  2 caustic shrikes
  A golden dragon (Vaults:5)
  the Enchantress (Depths:2)
  A doom hound (Depths:3)
  An iron giant (Depths:3)
  Rupert (D:15)
  A tentacled monstrosity (Zot:2)
  A lich (Crypt:2)
  A walking earthen tome (Depths:2)
  3 quicksilver dragons
  2 deep elf master archers
  A sphinx (Vaults:5)
  2 titans
  A deep elf blademaster (Elf:3)
  4 acid blobs
  An ancient champion (Crypt:2)
  2 death cobs (Zot:1)
  4 storm dragons
  A tengu reaver (Vaults:5)
  2 rockslimes
  2 azure jellies
  A frost giant (Depths:2)
  2 fire giants
  A draconian shifter (Zot:1)
  2 draconian scorchers (Zot:2)
  A caustic shrike zombie (Depths:2)
  A quicksilver elemental (Zig:3)
  2 deep elf elementalists (Elf:3)
  5 deep elf sorcerers
  A juggernaut zombie (Depths:2)
  5 vault wardens
  A curse skull (Crypt:1)
  A balrug (Depths:2)
  3 ghost moths
  A ghoul (Crypt:2)
  Louise (Elf:2)
  2 draconian stormcallers
  4 very ugly things
  2 spriggan defenders (Depths:2)
  4 ironbound preservers
  2 quicksilver oozes (Slime:5)
  2 deep elf demonologists
  2 vampire knights
  A green draconian (Zot:1)
  2 deep elf death magi
  A deep elf annihilator (Elf:3)
  The ghost of Blackmass the Fighter, a journeyman DsGl of Okawaru (Lair:3)
  A spark wasp (Depths:1)
  2 purple draconians (Zot:1)
  2 yellow draconians (Zot:2)
  A red draconian (Zot:2)
  2 white draconians
  A war gargoyle (Vaults:5)
  2 ettins (Vaults:5)
  2 blizzard demons
  The ghost of Hans the Covert, a journeyman FeSh of Wu Jian (D:10)
  2 entropy weavers
  11 jiangshi
  A great orb of eyes (Slime:1)
  3 deep elf high priests (Elf:3)
  A yaktaur captain (Vaults:2)
  2 merfolk javelineers (D:14)
  11 vault guards (Vaults:5)
  4 hydras
  A salamander tyrant (Depths:4)
  A caustic shrike simulacrum (Zig:2)
  3 two-headed ogres (D:12)
  2 ogre magi
  11 dancing weapons
  A boulder beetle (Zot:1)
  2 ironbound frosthearts (Vaults:2)
  5 deep troll shamans
  3 death yaks (Lair:5)
  A satyr (Shoals:3)
  2 death scarabs
  A tengu warrior (D:14)
  2 deep troll earth magi
  A demonic crawler (Spider:2)
  2 vampire magi (Crypt:1)
  2 spriggan berserkers (Depths:2)
  6 deep elf knights
  2 soul eaters (Depths:1)
  2 orc high priests (Orc:2)
  5 hell knights
  3 skysharks
  A titan skeleton (Crypt:2)
  A shadow wraith (Crypt:2)
  A spectral ghost moth (Spider:2)
  2 iron trolls
  2 pharaoh ants
  A salamander mystic (Depths:3)
  8 skeletal warriors
  14 deep trolls
  7 deep elf archers (Elf:1)
  3 sea snakes
  A death drake (Zot:1)
  An arcanist (Vaults:1)
  A sun moth (Spider:1)
  A lindwurm (Lair:3)
  An orb spider (Spider:1)
  A bog body (Crypt:2)
  4 phantasmal warriors
  3 orc knights
  6 ironbound convokers
  2 steelbarb worms
  A wolf spider zombie (D:15)
  A necromancer (Depths:4)
  7 harpies
  9 ugly things
  2 deep elf zephyrmancers
  2 ugly thing zombies
  15 deep elf pyromancers
  6 wolf spiders
  A salamander (Depths:4)
  2 fauns (Shoals:3)
  4 manticores
  5 moths of wrath
  2 elephants (Lair:5)
  A cyclops (D:14)
  3 black mambas
  2 merfolk sirens (Shoals:1)
  4 vault sentinels
  A large abomination (Crypt:3)
  3 water nymphs (Shoals:4)
  A yellow draconian zombie (Crypt:2)
  A storm dragon simulacrum (Crypt:1)
  2 komodo dragons
  2 cane toads
  An unseen horror (D:10)
  4 redback zombies
  2 rime drakes
  3 efreet
  3 freezing wraiths
  A guardian mummy (Zig:4)
  A steelbarb worm zombie (Spider:1)
  7 yaktaurs
  2 tengu conjurers
  4 trolls
  Psyche (D:10)
  5 merfolk
  A hydra zombie (D:13)
  5 tarantellas
  8 nameless horrors
  A blink frog (shapeshifter) (Elf:2)
  3 jumping spiders
  A snapping turtle (Shoals:1)
  2 dream sheep (Lair:4)
  A dream sheep (shapeshifter) (D:14)
  7 blink frogs
  Sigmund (D:5)
  3 slime creatures
  A merfolk zombie (Shoals:4)
  A shadow (D:10)
  7 culicivoras
  A wyvern (Lair:2)
  5 water elementals
  3 wraiths
  A basilisk (D:15)
  3 wargs
  14 yaks
  A fire elemental (Orc:2)
  22 redbacks
  A steam dragon (Lair:2)
  6 vampire mosquitoes
  6 two-headed ogre zombies (D:11)
  2 acid dragons
  2 spectral entropy weavers (Spider:2)
  8 water moccasins
  A sky beast (D:6)
  A black bear (Lair:2)
  A meliai simulacrum (D:14)
  4 orc warriors
  5 laughing skulls
  2 elf zombies (D:14)
  2 ogres
  7 wolves
  5 centaurs (D:13)
  A kobold brigand (D:8)
  4 bullfrogs
  An earth elemental (Elf:3)
  3 entropy weaver simulacra (Spider:2)
  A killer bee (D:8)
  2 electric eels (D:11)
  A howler monkey (D:11)
  3 hounds
  A jelly (D:8)
  8 orc priests
  2 iguanas
  A sleepcap (D:7)
  13 orc wizards
  7 ogre zombies (D:11)
  A mummy (Zig:4)
  Robin (D:3)
  10 gnolls
  6 adders
  A white imp (D:7)
  2 ufetubi (D:5)
  5 dart slugs
  7 ribbon worms
  23 orcs
  10 endoplasms
  3 giant cockroaches
  13 goblins
  9 hobgoblins
  12 jackals
  3 quokkas
  A river rat zombie (Crypt:2)
  3 ball pythons
  7 bats
  2 frilled lizards
  25 kobolds
  4 rats
  A tentacle (Shoals:4)
710 creatures vanquished.

Vanquished Creatures (collateral kills)
  Frederick (Crypt:3)
  An orb of fire (Zot:2)
  A juggernaut (Depths:2)
  Mara (Vaults:2)
  Xtahua (Depths:3)
  Vv (Crypt:3)
  Boris (thrice) (Crypt:3 Depths:2 Depths:4)
  6 golden dragons
  3 caustic shrikes
  A curse toe (Zot:3)
  A profane servitor (Crypt:3)
  Norris (Depths:1)
  2 bone dragons
  A doom hound (Depths:3)
  8 tentacled monstrosities
  A walking crystal tome (Depths:3)
  2 walking earthen tomes (Depths:3)
  Asterion (Spider:3)
  Grunn (Depths:3)
  2 deep elf blademasters (Elf:3)
  2 deep elf master archers (Elf:3)
  3 liches
  3 sphinxes
  12 acid blobs
  A titan (Vaults:5)
  2 quicksilver dragons
  3 death cobs
  3 krakens (Shoals:4)
  A tentacled starspawn (Zig:1)
  4 shadow dragons
  5 ancient champions
  4 storm dragons
  The ghost of Dirtsage the Severer, an adept MiBe of Trog (Spider:2)
  2 tengu reavers
  6 rockslimes
  A draconian knight (Zig:6)
  3 revenants
  5 azure jellies
  5 emperor scorpions (Spider:4)
  2 protean progenitors (Zot:1)
  11 deep elf sorcerers
  6 fire giants
  5 draconian shifters
  A draconian monk (Zot:1)
  2 draconian scorchers
  11 frost giants
  A quicksilver elemental (Zig:3)
  3 ghost moths (Spider:4)
  2 iron dragons (Vaults:5)
  A balrug (Depths:1)
  11 vault wardens
  10 ironbound preservers
  2 deep elf elementalists
  A curse skull (Crypt:3)
  A spriggan defender (Depths:2)
  4 draconian annihilators
  A ghoul (Crypt:3)
  3 green draconians (Depths:4)
  2 quicksilver oozes
  13 stone giants
  15 very ugly things
  8 vampire knights
  3 deep elf demonologists (Elf:3)
  2 demonspawn black suns (Zot:2)
  4 black draconians
  4 red draconians
  10 deep elf death magi
  A purple draconian (Zot:1)
  7 ironbound thunderhulks
  A war gargoyle (Vaults:5)
  3 yellow draconians
  5 dire elephants
  2 spark wasps
  8 deep elf annihilators (Elf:3)
  9 white draconians
  An acid blob zombie (Crypt:1)
  11 jiangshi
  4 merfolk impalers
  4 entropy weavers
  2 mummy priests (Zig:4)
  Snorg (Orc:2)
  2 merfolk javelineers
  3 eidola
  Fannar (D:10)
  4 fire dragons
  11 yaktaur captains
  11 ettins
  2 fenstrider witch zombies (Crypt:1)
  8 deep elf high priests
  A spriggan air mage (Depths:2)
  19 vault guards
  3 ice dragons
  2 great orbs of eyes
  4 hydras
  2 ogre magi (Vaults:5)
  3 rakshasas (Depths:2)
  5 boulder beetles
  A jorogumo (Spider:4)
  4 radroaches
  6 ironbound frosthearts
  2 catoblepae
  2 merfolk avatars
  3 deep troll earth magi
  2 two-headed ogres
  3 centaur warriors
  2 satyrs
  5 merfolk aquamancers (Shoals:4)
  23 dancing weapons
  2 death knights (Crypt:3)
  A bennu skeleton (Crypt:2)
  A tengu warrior (D:15)
  A spectral emperor scorpion (Spider:2)
  A death scarab (Spider:3)
  11 death yaks (Lair:5)
  3 deep troll shamans
  4 demonic crawlers
  2 naga warriors (D:14)
  A spriggan berserker (Depths:2)
  2 occultists
  6 hell knights
  2 orc high priests
  3 deep elf knights
  A sun demon (Depths:1)
  A salamander mystic (Depths:4)
  3 iron trolls
  2 pharaoh ants
  3 shadow wraiths (Crypt:3)
  19 skeletal warriors
  6 soul eaters
  7 skysharks
  A spark wasp zombie (Crypt:1)
  14 deep elf archers
  6 sea snakes
  A flayed ghost (Crypt:3)
  27 deep trolls
  A spriggan rider (Depths:2)
  7 orb spiders
  A death drake (Zot:1)
  32 slime creatures
  2 arcanists
  3 steelbarb worms
  2 necromancers
  13 ironbound convokers
  A golden dragon skeleton (Crypt:1)
  2 sun moths
  13 harpies
  15 deep elf pyromancers
  4 bog bodies (Crypt:3)
  2 lindwurms
  A tengu zombie (Zig:4)
  2 wolf spider zombies
  4 phantasmal warriors
  18 deep elf zephyrmancers
  An oklob plant (Lair:4)
  A wolf spider (shapeshifter) (Vaults:5)
  5 orc knights
  6 fauns
  4 shining eyes
  An orc sorcerer (Orc:2)
  5 salamanders (Depths:4)
  A cyclops (shapeshifter) (Vaults:5)
  6 wolf spiders
  3 cyclopes
  3 manticores
  13 ugly things
  10 vault sentinels
  2 black mambas (Lair:3)
  11 elephants
  5 merfolk sirens
  5 moths of wrath
  A rust devil (Depths:2)
  A kobold blastminer (Orc:2)
  6 water nymphs
  3 torpor snails
  An elephant slug zombie (Crypt:1)
  6 cane toads
  2 smoke demons (Depths:1)
  An eye of devastation (Slime:4)
  A large abomination (Crypt:3)
  An emperor scorpion simulacrum (Spider:2)
  5 komodo dragons
  A centaur skeleton (Crypt:3)
  A black draconian zombie (Crypt:3)
  6 nameless horrors
  2 rime drakes (Lair:4)
  2 orb spider zombies (Spider:3)
  A sea snake zombie (Shoals:1)
  3 redback zombies
  11 yaktaurs
  A harpy zombie (Shoals:1)
  4 freezing wraiths
  A tormentor (Zig:3)
  2 tengu conjurers
  3 trolls
  3 polar bears
  11 merfolk
  A hydra zombie (D:14)
  5 wind drakes
  A jumping spider zombie (Spider:1)
  A hornet (Depths:2)
  9 tarantellas
  23 jumping spiders
  10 dream sheep
  A glass eye (Slime:5)
  A satyr zombie (Shoals:3)
  20 blink frogs
  A glass eye (shapeshifter) (Elf:3)
  A harpy skeleton (Crypt:1)
  12 snapping turtles
  A stone giant simulacrum (Crypt:3)
  2 culicivoras (shapeshifter)
  14 culicivoras
  2 small abominations (Crypt:3)
  A centaur simulacrum (Crypt:3)
  4 shadows (Crypt:3)
  2 spriggans (Depths:2)
  16 water elementals
  4 wraiths
  4 wyverns
  30 yaks
  5 fire elementals
  A human (shapeshifter) (D:14)
  46 redbacks
  4 golden eyes (Slime:3)
  2 wargs (Orc:1)
  2 basilisks
  A vampire mosquito (D:15)
  8 steam dragons
  A swamp worm (shapeshifter) (Vaults:5)
  11 water moccasins
  A faun zombie (Shoals:2)
  A skyshark zombie (Shoals:1)
  An acid dragon (Lair:2)
  A naga skeleton (Crypt:1)
  8 orc warriors
  An ice beast (D:6)
  5 merfolk zombies
  2 black bears
  3 snapping turtle zombies
  2 ogres
  20 laughing skulls
  2 centaurs
  14 wolves
  A weeping skull (Crypt:3)
  A phantom (D:7)
  3 kobold brigands
  4 bullfrogs
  An earth elemental (Elf:1)
  A gnoll sergeant (D:11)
  17 wights
  7 killer bees
  3 howler monkeys
  2 electric eels
  4 centaur zombies
  3 hounds
  A jelly (D:6)
  2 gnoll boudas
  9 orc priests
  10 orc wizards
  8 ogre zombies (D:11)
  A mummy (Zig:4)
  10 gnolls
  A swamp drake skeleton (Crypt:1)
  2 ufetubi (D:6)
  An iguana skeleton (Crypt:1)
  26 orcs
  A frilled lizard (D:3)
  A goblin skeleton (Crypt:2)
  A jackal skeleton (Crypt:1)
  4 kobolds
  An orc zombie (D:9)
  A quokka skeleton (Crypt:2)
  An aspiring flesh (Zot:1)
  A starspawn tentacle (Zig:1)
  4 tentacles (Shoals:4)
1294 creatures vanquished.

Vanquished Creatures (others)
  5 acid blobs
  2 eldritch tentacles
  Agnes (D:15)
  8 rockslimes
  5 azure jellies
  A draconian monk (Zig:6)
  2 emperor scorpions (Spider:4)
  2 draconian knights
  A fire giant (Depths:2)
  3 vault wardens
  A caustic shrike zombie (Depths:4)
  An ironbound preserver (Vaults:4)
  4 formless jellyfish
  A broodmother (Spider:3)
  A very ugly thing (Depths:2)
  3 quicksilver oozes
  A doom hound zombie (Depths:3)
  Nessos (D:15)
  An ironbound thunderhulk (Vaults:4)
  A stone giant (Vaults:4)
  A deep elf annihilator (Elf:3)
  A dire elephant (Vaults:4)
  Azrael (Orc:2)
  8 very ugly thing zombies
  A merfolk javelineer (Shoals:3)
  2 yaktaur captains (Vaults:2)
  9 great orbs of eyes
  4 hydras
  4 sphinx zombies
  The ghost of ipx the Basher, a journeyman DsAr of Ashenzari (D:14)
  9 centaur warriors
  2 radroaches
  3 ironbound frosthearts
  A dancing weapon (Elf:1)
  An alligator snapping turtle (Shoals:3)
  2 boulder beetles
  A two-headed ogre (D:10)
  An azure jelly zombie (Slime:5)
  A death knight (D:14)
  A demonic crawler (Spider:2)
  A tengu warrior (D:10)
  A quicksilver ooze zombie (Slime:5)
  A storm dragon zombie (Zot:1)
  A vampire mage (Depths:4)
  A deep elf knight (Elf:1)
  2 glowing orange brains
  A skyshark (Lair:3)
  A spark wasp zombie (Spider:4)
  4 sea snakes
  4 deep trolls
  2 golden dragon zombies
  3 ogre zombies
  A shadow wraith (Vaults:5)
  An ironbound convoker (Vaults:4)
  4 orc knights
  An orb spider (Spider:2)
  A ghost moth zombie (Spider:3)
  A wolf spider zombie (Spider:4)
  2 steelbarb worms
  6 harpies
  A shadow dragon zombie (Zot:2)
  3 deep elf zephyrmancers (Elf:1)
  8 wolf spiders
  A deep elf pyromancer (D:14)
  2 fire giant zombies
  6 manticores
  A moth of wrath (Spider:3)
  3 orc sorcerers (Orc:2)
  13 ugly thing zombies
  4 draconian zombies
  5 frost giant zombies
  2 cyclopes
  5 elephants
  A merfolk siren (Shoals:4)
  A vault sentinel (Vaults:2)
  43 human zombies
  A kobold blastminer (Orc:2)
  A torpor snail (Spider:2)
  A dire elephant zombie (Vaults:1)
  A cane toad (Lair:5)
  A yellow draconian zombie (Depths:4)
  4 death yak zombies (Lair:5)
  2 unseen horrors
  A sea snake zombie (Shoals:2)
  5 komodo dragons
  2 green draconian zombies
  12 yaktaur zombies
  9 yaktaurs
  2 rime drakes
  9 redback zombies
  3 red draconian zombies
  A steelbarb worm zombie (Spider:2)
  2 efreet
  A troll (D:12)
  A hydra zombie (Lair:3)
  5 merfolk
  2 tarantellas
  8 jumping spider zombies
  7 harpy zombies
  A sun moth zombie (Spider:4)
  A polar bear (Lair:5)
  8 jumping spiders
  3 wind drakes
  A moth of wrath zombie (Zot:2)
  3 ettin zombies
  2 tarantella zombies
  4 culicivora zombies
  5 blink frogs
  A glass eye (Depths:2)
  48 slime creatures
  A radroach zombie (Spider:4)
  2 spriggan zombies (Depths:2)
  4 snapping turtles (Shoals:4)
  4 culicivoras
  4 slime creature zombies
  A wraith (Crypt:3)
  A wyvern (Lair:5)
  5 yaks
  6 redbacks
  A wind drake zombie (Shoals:4)
  2 steam dragons (Lair:2)
  A vampire mosquito (D:13)
  12 deep troll zombies
  A water moccasin (Lair:5)
  A hell hound (Orc:2)
  A two-headed ogre zombie (D:13)
  4 skyshark zombies
  A water nymph zombie (Shoals:4)
  A cane toad zombie (Lair:3)
  5 orc warriors
  A dream sheep zombie (Lair:4)
  5 elf zombies
  10 merfolk zombies
  5 blink frog zombies
  An ogre (Orc:1)
  5 elephant zombies
  A wolf (Lair:4)
  A torpor snail zombie (Spider:4)
  A rime drake zombie (Lair:2)
  A nameless horror (Depths:2)
  A kobold zombie (Orc:2)
  3 salamander zombies (Depths:4)
  A komodo dragon zombie (Lair:2)
  A bullfrog (Lair:3)
  A warg zombie (Vaults:5)
  An earth elemental (Elf:1)
  2 wyvern zombies
  2 water moccasin zombies (Lair:5)
  3 tengu zombies
  3 troll zombies
  4 burial acolytes (Crypt:3)
  6 yak zombies
  4 wolf zombies (Lair:2)
  2 centaur zombies
  A bullfrog zombie (Lair:4)
  A basilisk zombie (D:15)
  243 jellies
  2 orc wizards
  An acid dragon zombie (D:11)
  A hound zombie (D:11)
  A steam dragon zombie (Lair:2)
  A steam dragon skeleton (Crypt:2)
  4 orcs
  17 orc zombies
  A starspawn tentacle (Zig:1)
  24 tentacles (Shoals:4)
815 creatures vanquished.

Grand Total: 2819 creatures vanquished

Notes
Turn   | Place    | Note
-------+----------+-------------------------------------------
     0 | D:1      | BlackSun the Draconian Necromancer began the quest for the
                  | Orb.
     0 | D:1      | Reached XP level 1. HP: 14/14 MP: 3/3
   146 | D:1      | Reached XP level 2. HP: 19/22 MP: 0/5
   338 | D:1      | Found Douneq's Distillery.
   598 | D:1      | Reached skill level 1 in Fighting
  1017 | D:1      | Reached XP level 3. HP: 28/28 MP: 4/6
  1431 | D:2      | Reached skill level 1 in Summonings
  1431 | D:2      | Reached skill level 1 in Air Magic
  1678 | D:2      | Found a hide-covered altar of Uskayaw.
  1684 | D:2      | Reached XP level 4. HP: 35/35 MP: 3/7
  2405 | D:3      | Noticed Robin
  2424 | D:3      | Killed Robin
  2425 | D:3      | Reached XP level 5. HP: 40/40 MP: 1/9
  2589 | D:3      | Found an ornate altar of the Wu Jian Council.
  3557 | D:4      | Reached skill level 3 in Spellcasting
  3569 | D:4      | Reached skill level 3 in Summonings
  3686 | D:4      | Reached skill level 3 in Air Magic
  3686 | D:4      | Reached XP level 6. HP: 43/47 MP: 10/10
  4403 | D:5      | Entered Level 5 of the Dungeon
  4874 | D:4      | Learned a level 4 spell: Summon Lightning Spire
  4966 | D:5      | Noticed Sigmund
  4992 | D:5      | Noticed an orc warrior
  5012 | D:5      | Noticed a nameless horror
  5203 | D:5      | Noticed a water moccasin
  5217 | D:5      | Killed a water moccasin
  5218 | D:5      | Your scales start taking on a dull iron-grey colour.
  5218 | D:5      | Reduced skill Air Magic to level 3
  5218 | D:5      | Reached XP level 7. HP: 19/52 MP: 9/12
  5487 | D:5      | Killed Sigmund
  6302 | D:5      | Reached XP level 8. HP: 58/59 MP: 11/14
  6572 | D:6      | Reached skill level 6 in Summonings
  6954 | D:6      | Found a staircase to the Ecumenical Temple.
  6963 | Temple   | Entered the Ecumenical Temple
  6982 | Temple   | Became a worshipper of Kikubaaqudgha
  7644 | D:7      | Reached XP level 9. HP: 61/64 MP: 16/16
  7710 | D:7      | Reached skill level 9 in Summonings
  8000 | D:7      | Reached * piety under Kikubaaqudgha
  8000 | D:7      | Received a gift from Kikubaaqudgha
  8683 | D:8      | Reached skill level 3 in Stealth
  8786 | D:8      | Found Zitoel's Jewellery Shop.
  8802 | D:8      | Reached skill level 3 in Dodging
  8912 | D:8      | Reached ** piety under Kikubaaqudgha
  9206 | D:8      | Reached skill level 3 in Fighting
  9206 | D:8      | Reached skill level 5 in Necromancy
  9336 | D:9      | Noticed a two-headed ogre
  9341 | D:9      | Killed a two-headed ogre
  9342 | D:9      | Reached XP level 10. HP: 77/77 MP: 18/18
  9391 | D:9      | Noticed a cyclops
  9400 | D:9      | Killed a cyclops
  9589 | D:9      | Learned a level 4 spell: Animate Dead
  9761 | D:9      | Reached skill level 6 in Spellcasting
 10468 | D:10     | Entered Level 10 of the Dungeon
 10480 | D:10     | Found a bloodstained altar of Trog.
 10480 | D:10     | Noticed Hans's ghost (journeyman FeSh)
 10486 | D:10     | Found a transporter.
 10490 | D:10     | Found a transporter.
 10491 | D:10     | Noticed a moth of wrath
 10491 | D:10     | Noticed a tengu warrior
 10528 | D:10     | Noticed Psyche
 10534 | D:10     | Killed Psyche
 10535 | D:10     | Reached skill level 6 in Necromancy
 10613 | D:10     | Noticed Fannar
 10629 | D:10     | Killed Fannar
 10769 | D:10     | Reached XP level 11. HP: 68/88 MP: 17/21
 10849 | D:10     | Reached *** piety under Kikubaaqudgha
 10849 | D:10     | Received a gift from Kikubaaqudgha
 10892 | D:10     | Learned a level 6 spell: Death Channel
 10907 | D:10     | Learned a level 5 spell: Borgnjor's Vile Clutch
 10951 | D:10     | Found a snail-covered altar of Cheibriados.
 10954 | D:10     | Found a broken altar of Ashenzari.
 10956 | D:10     | Found a glowing silver altar of Zin.
 11002 | D:10     | Found a blossoming altar of Fedhas.
 11004 | D:10     | Found a hide-covered altar of Uskayaw.
 11368 | D:10     | Noticed a two-headed ogre
 11441 | D:10     | Reached skill level 1 in Earth Magic
 11820 | D:11     | Found a staircase to the Lair.
 11836 | D:11     | Reached skill level 7 in Necromancy
 11924 | D:11     | Found a gate leading to a gauntlet.
 12016 | Gauntlet | Entered a Gauntlet
 12016 | Gauntlet | Found a transporter.
 12016 | Gauntlet | Found a transporter.
 12020 | Gauntlet | Found a transporter.
 12020 | Gauntlet | Found a transporter.
 12020 | Gauntlet | Found a transporter.
 12020 | Gauntlet | Found a transporter.
 12028 | Gauntlet | Noticed a death scarab
 12030 | Gauntlet | Found a transporter.
 12034 | Gauntlet | Found a transporter.
 12036 | Gauntlet | Found a large runed translucent door.
 12036 | Gauntlet | Noticed a great orb of eyes
 12037 | Gauntlet | Found a large runed translucent door.
 12038 | Gauntlet | Found a large runed translucent door.
 12038 | Gauntlet | Found a large runed translucent door.
 12038 | Gauntlet | Found a runed translucent door.
 12039 | Gauntlet | Found a large runed translucent door.
 12041 | Gauntlet | Found a large runed translucent door.
 12041 | Gauntlet | Found a large runed translucent door.
 12041 | Gauntlet | Found a large runed translucent door.
 12042 | Gauntlet | Found a runed translucent gate.
 12046 | Gauntlet | Found a transporter.
 12047 | Gauntlet | Noticed a cyan ugly thing
 12048 | Gauntlet | Noticed a cyan ugly thing
 12146 | Gauntlet | Found a transporter.
 12150 | Gauntlet | Found a transporter.
 12152 | Gauntlet | Found a large runed translucent door.
 12153 | Gauntlet | Found a large runed translucent door.
 12154 | Gauntlet | Found a large runed translucent door.
 12154 | Gauntlet | Found a large runed translucent door.
 12154 | Gauntlet | Found a runed translucent door.
 12155 | Gauntlet | Found a large runed translucent door.
 12156 | Gauntlet | Found a large runed translucent door.
 12157 | Gauntlet | Found a large runed translucent door.
 12157 | Gauntlet | Found a large runed translucent door.
 12158 | Gauntlet | Found a runed translucent gate.
 12158 | Gauntlet | Found a runed translucent gate.
 12159 | Gauntlet | Noticed an orange crystal statue
 12160 | Gauntlet | Found a transporter.
 12240 | D:11     | Noticed a boulder beetle
 12254 | D:11     | Killed a boulder beetle
 12255 | D:11     | Reached skill level 6 in Fighting
 12255 | D:11     | Reached skill level 3 in Earth Magic
 12469 | D:11     | Found Vaal's Antique Weapon Emporium.
 12511 | D:11     | Bought a runed quick blade for 540 gold pieces
 12568 | D:11     | Reached skill level 6 in Stealth
 12799 | D:11     | Reached **** piety under Kikubaaqudgha
 13092 | D:1      | Bought a potion of curing for 42 gold pieces
 13092 | D:1      | Bought a potion of curing for 42 gold pieces
 13092 | D:1      | Bought a potion of curing for 42 gold pieces
 13092 | D:1      | Bought a potion of curing for 42 gold pieces
 13092 | D:1      | Bought a potion of heal wounds for 70 gold pieces
 13368 | Lair:1   | Entered Level 1 of the Lair of Beasts
 13504 | Lair:1   | Noticed a catoblepas
 13518 | Lair:1   | Killed a catoblepas
 13628 | Lair:1   | Reached skill level 8 in Necromancy
 13888 | Lair:1   | Reached skill level 6 in Dodging
 13890 | Lair:1   | Reached XP level 12. HP: 87/97 MP: 14/23
 14497 | Lair:1   | Learned a level 4 spell: Anguish
 14559 | Lair:2   | Reached skill level 6 in Earth Magic
 14651 | Lair:2   | Reached skill level 1 in Hexes
 14879 | Lair:2   | Found a hole to the Spider Nest.
 15008 | Lair:2   | Reached skill level 9 in Necromancy
 15383 | Lair:2   | Reached skill level 3 in Hexes
 15495 | Lair:2   | Reached ***** piety under Kikubaaqudgha
 16234 | Lair:3   | Found a staircase to the Shoals.
 16313 | Lair:3   | Reached XP level 13. HP: 107/107 MP: 17/25
 16708 | Lair:3   | Reached skill level 10 in Necromancy
 16808 | Lair:3   | Found a runed translucent gate.
 16809 | Lair:3   | Found a runed translucent gate.
 16810 | Lair:3   | Found a runed translucent gate.
 16811 | Lair:3   | Noticed Blackmass's ghost (journeyman DsGl)
 17989 | Lair:4   | You fall into a shaft and drop 1 floor!
 17989 | Lair:5   | Entered Level 5 of the Lair of Beasts
 18009 | Lair:5   | Reached skill level 11 in Necromancy
 18019 | Lair:5   | Reached skill level 9 in Fighting
 18019 | Lair:5   | Reached skill level 9 in Spellcasting
 18598 | Lair:5   | Reached XP level 14. HP: 64/118 MP: 27/27
 18727 | Lair:5   | Reached skill level 12 in Necromancy
 19402 | Lair:5   | Reached ****** piety under Kikubaaqudgha
 19634 | Lair:5   | Identified the +1 sling "Ganongon" {drain, Str+2 Dex+4}
 20069 | D:11     | Reached skill level 9 in Dodging
 20208 | D:11     | Reached skill level 13 in Necromancy
 20358 | D:11     | Identified the ring "Hoggaonu" {rC+ Str+3}
 20925 | Lair:4   | Found a staircase to the Slime Pits.
 20925 | Lair:4   | Found a viscous altar of Jiyva.
 21484 | D:12     | Found a roughly hewn altar of Beogh.
 21564 | D:12     | Found a staircase to the Orcish Mines.
 22555 | Orc:1    | Entered Level 1 of the Orcish Mines
 22829 | Orc:2    | Entered Level 2 of the Orcish Mines
 23723 | Orc:2    | Found a staircase to the Elven Halls.
 23951 | Orc:2    | Found a roughly hewn altar of Beogh.
 23974 | Orc:2    | Noticed Snorg
 23983 | Orc:2    | Killed Snorg
 24119 | Orc:2    | Noticed Azrael
 24134 | Orc:2    | Killed Azrael
 24388 | Orc:2    | Paralysed by an orc sorcerer for 4 turns
 24391 | Orc:2    | Reached skill level 14 in Necromancy
 24392 | Orc:2    | Found Gaiwit's Magic Scroll Boutique.
 24406 | Orc:2    | Reached XP level 15. HP: 88/126 MP: 3/29
 24766 | Orc:2    | Gained mutation: You do not regenerate when monsters are
                  | visible. [a neqoxec]
 25163 | Orc:2    | Found Luino's Armour Boutique.
 25164 | Orc:2    | Found Wacluaq's Armour Emporium.
 25292 | Orc:2    | Found Ilaicseck's Antique Weapon Emporium.
 25307 | Orc:2    | Bought a scroll of identify for 28 gold pieces
 25307 | Orc:2    | Bought a scroll of identify for 28 gold pieces
 25421 | D:12     | Learned a level 4 spell: Dispel Undead
 25421 | D:12     | Received a gift from Kikubaaqudgha (forbidden knowledge)
 25430 | D:12     | Learned a level 7 spell: Haunt
 26051 | Lair:3   | Killed Blackmass's ghost
 26191 | Lair:3   | Identified the +4 scimitar "Fophonum" {freeze, rN+++ Str+3
                  | Int-4 Stlth+}
 26642 | Lair:3   | Lost mutation: You do not regenerate when monsters are
                  | visible. [potion of mutation]
 26642 | Lair:3   | Gained mutation: You sometimes lose your temper in combat.
                  | [potion of mutation]
 26720 | Slime:1  | Entered Level 1 of the Pits of Slime
 26720 | Slime:1  | Noticed an acid blob
 26735 | Slime:1  | Killed an acid blob
 26849 | Slime:2  | Noticed an acid blob
 26855 | Slime:2  | Killed an acid blob
 26908 | Slime:3  | Noticed an azure jelly
 26913 | Slime:3  | Killed an azure jelly
 26943 | Slime:3  | Noticed an acid blob
 26951 | Slime:3  | Killed an acid blob
 27050 | Slime:2  | Noticed a rockslime
 27050 | Slime:2  | Noticed an azure jelly
 27058 | Slime:2  | Noticed a rockslime
 27062 | Slime:2  | Killed a rockslime
 27063 | Slime:2  | Reached skill level 15 in Necromancy
 27204 | Slime:1  | Noticed a rockslime
 27204 | Slime:1  | Noticed a rockslime
 27205 | Slime:1  | Noticed an acid blob
 27212 | Slime:1  | Killed an acid blob
 27238 | Slime:1  | Noticed an acid blob
 27245 | Slime:1  | Killed an acid blob
 27403 | Slime:3  | Noticed an azure jelly
 27408 | Slime:3  | Noticed a rockslime
 27413 | Slime:3  | Killed an azure jelly
 27418 | Slime:3  | Killed a rockslime
 27584 | Slime:4  | Noticed an acid blob
 27613 | Slime:4  | Noticed a rockslime
 27617 | Slime:4  | Killed a rockslime
 27880 | Slime:3  | Noticed a rockslime
 27887 | Slime:3  | Killed a rockslime
 27889 | Slime:3  | Noticed an azure jelly
 27893 | Slime:3  | Killed an azure jelly
 27938 | Slime:5  | Entered Level 5 of the Pits of Slime
 27954 | Slime:5  | Noticed an acid blob
 27954 | Slime:5  | Noticed a rockslime
 27960 | Slime:5  | Killed a rockslime
 27962 | Slime:5  | Noticed an acid blob
 27966 | Slime:5  | Killed an acid blob
 27967 | Slime:5  | Killed an acid blob
 27981 | Slime:5  | Noticed an acid blob
 27982 | Slime:5  | Noticed an azure jelly
 27982 | Slime:5  | Noticed a rockslime
 27985 | Slime:5  | Noticed an acid blob
 27986 | Slime:5  | Killed an acid blob
 27987 | Slime:5  | Noticed an acid blob
 27988 | Slime:5  | Noticed an azure jelly
 27988 | Slime:5  | Noticed an azure jelly
 27989 | Slime:5  | Killed a rockslime
 27989 | Slime:5  | Killed an azure jelly
 27990 | Slime:5  | Reached skill level 16 in Necromancy
 27992 | Slime:5  | Noticed an acid blob
 27994 | Slime:5  | Killed an acid blob
 28000 | Slime:5  | Noticed an acid blob
 28001 | Slime:5  | Noticed an acid blob
 28001 | Slime:5  | Noticed an acid blob
 28003 | Slime:5  | Noticed a rockslime
 28003 | Slime:5  | Noticed the Royal Jelly
 28004 | Slime:5  | Reached XP level 16. HP: 117/134 MP: 25/31
 28004 | Slime:5  | Killed an acid blob
 28005 | Slime:5  | Killed an acid blob
 28005 | Slime:5  | Killed an acid blob
 28006 | Slime:5  | Reached skill level 12 in Spellcasting
 28006 | Slime:5  | Noticed an acid blob
 28071 | Lair:4   | Fell from the grace of Kikubaaqudgha
 28071 | Lair:4   | Became a worshipper of Jiyva Jaruehoc the Shapeless
 29942 | D:14     | Reached * piety under Jiyva
 30027 | D:14     | Found a gate to the Vaults.
 30338 | D:14     | Found a runed translucent gate.
 30338 | D:14     | Found a runed translucent gate.
 30339 | D:14     | Found a runed translucent gate.
 30341 | D:14     | Noticed ipx's ghost (journeyman DsAr)
 30376 | D:14     | Reached skill level 12 in Summonings
 31059 | D:14     | Found an iron altar of Okawaru.
 31107 | D:15     | Entered Level 15 of the Dungeon
 31121 | D:15     | Reached skill level 17 in Necromancy
 31155 | D:15     | Noticed Nessos
 31168 | D:15     | Killed Nessos
 31177 | D:15     | Noticed Rupert
 31198 | D:15     | Paralysed by Rupert for 4 turns
 31205 | D:15     | Killed Rupert
 31288 | D:15     | Found Emodiapa's Vocational Training.
 31361 | D:15     | Reached ** piety under Jiyva
 31390 | D:15     | Noticed Agnes
 31397 | D:15     | Killed Agnes
 32238 | D:15     | Found a staircase to the Depths.
 32850 | Spider:1 | Entered Level 1 of the Spider Nest
 32868 | Spider:1 | Identified the amulet "Plog" {Reflect ^Fragile +Inv Slay-5
                  | SH+5 SInv}
 32938 | Spider:1 | Reached *** piety under Jiyva
 32965 | Spider:1 | Lost mutation: You sometimes lose your temper in combat.
                  | [Jiyva's grace]
 32965 | Spider:1 | Gained mutation: Your natural rate of healing is unusually
                  | fast. [Jiyva's grace]
 32965 | Spider:1 | Gained mutation: You heal very quickly. [Jiyva's grace]
 32965 | Spider:1 | Gained mutation: You regenerate. [Jiyva's grace]
 32965 | Spider:1 | Gained mutation: Your melee attacks may engulf your foes in
                  | ooze. [Jiyva's grace]
 33365 | Spider:1 | Reached **** piety under Jiyva
 33996 | Spider:2 | Noticed Dirtsage's ghost (adept MiBe)
 33996 | Spider:2 | Found a transporter.
 33998 | Spider:2 | Found a transporter.
 34064 | Spider:2 | Reached ***** piety under Jiyva
 34084 | Spider:2 | Reached skill level 18 in Necromancy
 34188 | Spider:2 | Lost mutation: You regenerate. [Jiyva's grace]
 34188 | Spider:2 | Gained mutation: You expend magic power (3 MP) to
                  | strengthen your wands. [Jiyva's grace]
 34188 | Spider:2 | Gained mutation: Armour fits poorly on your pseudopods.
                  | [Jiyva's grace]
 34188 | Spider:2 | Gained mutation: Armour fits poorly on your large
                  | pseudopods. [Jiyva's grace]
 34188 | Spider:2 | Gained mutation: Armour fits poorly on your massive
                  | pseudopods. [Jiyva's grace]
 34260 | Spider:2 | Reached XP level 17. HP: 97/140 MP: 9/34
 35151 | Spider:3 | Reached skill level 19 in Necromancy
 35214 | Spider:3 | Noticed Asterion
 35226 | Spider:3 | Killed Asterion
 35516 | Shoals:1 | Entered Level 1 of the Shoals
 36011 | Shoals:1 | Found Nuahadyo's Antique Weapon Shop.
 36287 | Shoals:2 | Reached ****** piety under Jiyva
 36296 | Shoals:2 | Reached skill level 20 in Necromancy
 36525 | Shoals:2 | Lost mutation: Armour fits poorly on your massive
                  | pseudopods. [Jiyva's grace]
 36525 | Shoals:2 | Gained mutation: Your translucent skin slightly reduces
                  | your foes' accuracy. (Stealth+) [Jiyva's grace]
 36525 | Shoals:2 | Gained mutation: Your translucent skin reduces your foes'
                  | accuracy. (Stealth+) [Jiyva's grace]
 36525 | Shoals:2 | Gained mutation: Your transparent skin significantly
                  | reduces your foes' accuracy. (Stealth+) [Jiyva's grace]
 36525 | Shoals:2 | Gained mutation: You have a small jelly attached to you
                  | that senses nearby items. [Jiyva's grace]
 36935 | Shoals:3 | Found Voyrph's Weapon Boutique.
 37099 | Shoals:3 | Reached XP level 18. HP: 137/147 MP: 29/36
 37107 | Shoals:3 | Reached skill level 21 in Necromancy
 37216 | Shoals:3 | Found Sywoatourry's Book Shop.
 37573 | Shoals:4 | Entered Level 4 of the Shoals
 38357 | Shoals:4 | Reached skill level 22 in Necromancy
 38588 | Shoals:4 | Was forgiven by Kikubaaqudgha
 38724 | Shoals:4 | Got a barnacled rune of Zot
 38847 | Lair:3   | Learned a level 7 spell: Rimeblight
 39152 | Spider:4 | Entered Level 4 of the Spider Nest
 39152 | Spider:4 | Lost mutation: You have a small jelly attached to you that
                  | senses nearby items. [Jiyva's grace]
 39152 | Spider:4 | Gained mutation: Your flesh is cold resistant. (rC+)
                  | [Jiyva's grace]
 39152 | Spider:4 | Gained mutation: Your flesh is very cold resistant. (rC++)
                  | [Jiyva's grace]
 39152 | Spider:4 | Gained mutation: Your flesh is almost immune to the effects
                  | of cold. (rC+++) [Jiyva's grace]
 39152 | Spider:4 | Gained mutation: Your large and strong wings let you fly.
                  | [Jiyva's grace]
 39164 | Spider:4 | Reached skill level 1 in Ice Magic
 39213 | Spider:4 | Reached skill level 3 in Ice Magic
 39644 | Spider:4 | Reached skill level 6 in Ice Magic
 39771 | Spider:4 | Got a gossamer rune of Zot
 40102 | D:11     | Learned a level 8 spell: Infestation
 40253 | Elf:1    | Entered Level 1 of the Elven Halls
 40270 | Elf:1    | Reached XP level 19. HP: 151/154 MP: 33/37
 40336 | Elf:1    | Found a crumbling gateway.
 40591 | Elf:1    | Reached skill level 23 in Necromancy
 40723 | Elf:1    | Reached skill level 9 in Ice Magic
 40853 | Elf:1    | Found Sosk's Jewellery Emporium.
 41080 | Elf:1    | Found a huge runed translucent gate.
 41092 | Elf:1    | Found a huge runed translucent gate.
 41099 | Elf:1    | Found a huge runed translucent gate.
 41101 | Elf:1    | Found a huge runed translucent gate.
 41101 | Elf:1    | Found a huge runed translucent gate.
 41101 | Elf:1    | Found a huge runed translucent gate.
 41101 | Elf:1    | Found a huge runed translucent gate.
 41101 | Elf:1    | Found a huge runed translucent gate.
 41104 | Elf:1    | Found a huge runed translucent gate.
 41105 | Elf:1    | Found a huge runed translucent gate.
 41105 | Elf:1    | Found a huge runed translucent gate.
 41105 | Elf:1    | Found a huge runed translucent gate.
 41105 | Elf:1    | Found a huge runed translucent gate.
 41105 | Elf:1    | Found a huge runed translucent gate.
 41106 | Elf:1    | Found a huge runed translucent gate.
 41106 | Elf:1    | Found a huge runed translucent gate.
 41107 | Elf:1    | Found a huge runed translucent gate.
 41107 | Elf:1    | Found a huge runed translucent gate.
 41107 | Elf:1    | Found a huge runed translucent gate.
 41108 | Elf:1    | Found a huge runed translucent gate.
 41777 | D:10     | Killed Hans's ghost
 41794 | D:10     | Identified the +0 pair of boots of Dull Divine Compulsion
                  | {rN+++ Will- Str+3 Int-3}
 42122 | Slime:5  | Noticed Dissolution
 42135 | Slime:5  | Found a viscous altar of Jiyva.
 42141 | Slime:5  | Identified the +4 short sword of Xom's Supremacy {freeze,
                  | *Slow rF+ Dex+2 SInv}
 42142 | Slime:5  | Identified the +1 shortbow of Past Mistakes {drain, +Blink
                  | rN+++ rCorr Stlth-}
 42149 | Slime:5  | Identified the ring of Gyady {*Slow rC+ rN++ Slay+5}
 42158 | Slime:5  | Got Teapsar's Commentary on the Star-crossed Bonfire
 42161 | Slime:5  | Got a slimy rune of Zot
 42162 | Slime:5  | Identified the +4 spear of Linearity {heavy, rPois rN++
                  | Int-2 Stlth+}
 42165 | Slime:5  | Got Sif Muna's Codex of the Ouroboros and Spelunking
 42587 | D:14     | Killed ipx's ghost
 42861 | Spider:2 | Killed Dirtsage's ghost
 43138 | Vaults:1 | Entered Level 1 of the Vaults
 43418 | Vaults:1 | Lost mutation: Your flesh is almost immune to the effects
                  | of cold. (rC+++) [Jiyva's grace]
 43418 | Vaults:1 | Lost mutation: You heal very quickly. [Jiyva's grace]
 43418 | Vaults:1 | Lost mutation: Your transparent skin significantly reduces
                  | your foes' accuracy. (Stealth+) [Jiyva's grace]
 43418 | Vaults:1 | Lost mutation: Your translucent skin reduces your foes'
                  | accuracy. (Stealth+) [Jiyva's grace]
 43418 | Vaults:1 | Lost mutation: Your melee attacks may engulf your foes in
                  | ooze. [Jiyva's grace]
 43418 | Vaults:1 | Gained mutation: You have a small jelly attached to you
                  | that senses nearby items. [Jiyva's grace]
 43418 | Vaults:1 | Gained mutation: You possess an exceptional clarity of
                  | mind. [Jiyva's grace]
 43418 | Vaults:1 | Gained mutation: You have a small jelly attached to you
                  | that may absorb projectiles. [Jiyva's grace]
 43418 | Vaults:1 | Gained mutation: You have hidden genetic potential.
                  | [Jiyva's grace]
 43634 | Vaults:1 | Reached skill level 24 in Necromancy
 44279 | Vaults:2 | Reached XP level 20. HP: 150/163 MP: 36/38
 44477 | Vaults:2 | Noticed Mara
 44489 | Vaults:2 | Killed Mara
 44504 | Vaults:2 | Identified the +4 whip of Calamity {venom, rN++}
 45153 | Vaults:3 | Lost mutation: Your large and strong wings let you fly.
                  | [Jiyva's grace]
 45153 | Vaults:3 | Lost mutation: You possess an exceptional clarity of mind.
                  | [Jiyva's grace]
 45153 | Vaults:3 | Lost mutation: Your flesh is very cold resistant. (rC++)
                  | [Jiyva's grace]
 45153 | Vaults:3 | Lost mutation: Armour fits poorly on your large pseudopods.
                  | [Jiyva's grace]
 45153 | Vaults:3 | Lost mutation: You have a small jelly attached to you that
                  | senses nearby items. [Jiyva's grace]
 45153 | Vaults:3 | Lost mutation: You have a small jelly attached to you that
                  | may absorb projectiles. [Jiyva's grace]
 45153 | Vaults:3 | Gained mutation: Your large and strong wings let you fly.
                  | [Jiyva's grace]
 45153 | Vaults:3 | Gained mutation: Your spells are a little harder to cast,
                  | but a little more powerful. [Jiyva's grace]
 45153 | Vaults:3 | Gained mutation: Your spells are harder to cast, but more
                  | powerful. [Jiyva's grace]
 45153 | Vaults:3 | Gained mutation: Your spells are much harder to cast, but
                  | much more powerful. [Jiyva's grace]
 45215 | Vaults:3 | Reached skill level 12 in Fighting
 45219 | Vaults:3 | Reached skill level 15 in Spellcasting
 45325 | Vaults:3 | Gained mutation: You have sharp toenails. [hidden
                  | potential]
 45363 | Vaults:3 | You are sucked into a shaft and drop 1 floor!
 45775 | Vaults:4 | Reached skill level 12 in Dodging
 45882 | Vaults:4 | Found a portal to a secret trove of treasure.
 46274 | Vaults:4 | Found Ytatzi Gookk's Antique Weapon Boutique.
 46408 | Vaults:3 | Found Quhik's Weapon Boutique.
 46591 | Vaults:3 | Found a staircase to the Crypt.
 46922 | Vaults:3 | Lost mutation: Your flesh is cold resistant. (rC+) [Jiyva's
                  | grace]
 46922 | Vaults:3 | Lost mutation: Your spells are much harder to cast, but
                  | much more powerful. [Jiyva's grace]
 46922 | Vaults:3 | Lost mutation: You expend magic power (3 MP) to strengthen
                  | your wands. [Jiyva's grace]
 46922 | Vaults:3 | Gained mutation: You are covered in slimy tendrils that may
                  | disarm your opponents. [Jiyva's grace]
 46922 | Vaults:3 | Gained mutation: Your tail ends in a venomous barb.
                  | [Jiyva's grace]
 46922 | Vaults:3 | Gained mutation: Your tail ends in a sharp venomous barb.
                  | [Jiyva's grace]
 46922 | Vaults:3 | Gained mutation: Your tail ends in a wickedly sharp and
                  | venomous barb. [Jiyva's grace]
 47111 | Crypt:1  | Entered Level 1 of the Crypt
 47199 | Crypt:1  | Reached XP level 21. HP: 179/179 MP: 35/40
 47702 | Crypt:2  | Found an ancient bone altar of Kikubaaqudgha.
 48270 | Crypt:2  | Learned a level 9 spell: Death's Door
 48271 | Crypt:3  | Entered Level 3 of the Crypt
 48304 | Crypt:3  | Noticed Vv
 48322 | Crypt:3  | Killed Vv
 48405 | Crypt:3  | Found a basalt altar of Yredelemnul.
 48405 | Crypt:3  | Identified the +2 robe of Happiness {Regen+ MP+9}
 48405 | Crypt:3  | Noticed Boris
 48409 | Crypt:3  | Killed Boris
 48479 | Crypt:3  | Gained mutation: You are robust. (+10% HP) [hidden
                  | potential]
 48479 | Crypt:3  | Lost mutation: You have hidden genetic potential. [hidden
                  | potential expressed]
 48491 | Crypt:3  | Identified the orb "Pifuro" {light, +Blink Fly rN+}
 48491 | Crypt:3  | Noticed Frederick
 48499 | Crypt:3  | Killed Frederick
 48522 | Crypt:3  | Found a staircase to the Tomb.
 48533 | Crypt:3  | Got an ivory gem with 335 turns to spare
 48719 | Crypt:3  | Identified the staff of Ryxefap {rN+ Int+5 Conj Necro}
 48911 | Crypt:3  | Lost mutation: Your large and strong wings let you fly.
                  | [Jiyva's grace]
 48911 | Crypt:3  | Lost mutation: Your tail ends in a wickedly sharp and
                  | venomous barb. [Jiyva's grace]
 48911 | Crypt:3  | Lost mutation: Your natural rate of healing is unusually
                  | fast. [Jiyva's grace]
 48911 | Crypt:3  | Lost mutation: Your spells are harder to cast, but more
                  | powerful. [Jiyva's grace]
 48911 | Crypt:3  | Gained mutation: Your spells are harder to cast, but more
                  | powerful. [Jiyva's grace]
 48911 | Crypt:3  | Gained mutation: Your spells are much harder to cast, but
                  | much more powerful. [Jiyva's grace]
 48911 | Crypt:3  | Gained mutation: You are resistant to electric shocks.
                  | (rElec) [Jiyva's grace]
 48911 | Crypt:3  | Gained mutation: Your tail ends in a wickedly sharp and
                  | venomous barb. [Jiyva's grace]
 49023 | Crypt:3  | Noticed a profane servitor
 49027 | Crypt:3  | Killed a profane servitor
 49028 | Crypt:3  | Reached skill level 15 in Fighting
 49048 | Crypt:3  | Got the Handbook of Hurting
 49439 | Orc:2    | Bought the +0 mask of the Dragon {Will+ Slay+3 SInv} for
                  | 434 gold pieces
 49439 | Orc:2    | Found the +0 mask of the Dragon {Will+ Slay+3 SInv}
 49579 | Elf:1    | Identified the +9 longbow "Ufent" {elec, rC++}
 49705 | Elf:2    | Noticed Louise
 49711 | Elf:2    | Killed Louise
 49786 | Elf:2    | Found a huge runed translucent gate.
 49786 | Elf:2    | Found a huge runed translucent gate.
 49786 | Elf:2    | Found a huge runed translucent gate.
 49791 | Elf:2    | Found a huge runed translucent gate.
 49791 | Elf:2    | Found a huge runed translucent gate.
 50087 | Elf:2    | Reached XP level 22. HP: 185/211 MP: 31/42
 50273 | Elf:2    | Your ally Louise died
 50758 | Elf:3    | Entered Level 3 of the Elven Halls
 51104 | Elf:3    | Got the Incunable of Get Rich Quick!
 51381 | Elf:3    | Lost mutation: You have sharp toenails. [Jiyva's grace]
 51381 | Elf:3    | Lost mutation: You are robust. (+10% HP) [Jiyva's grace]
 51381 | Elf:3    | Lost mutation: You are resistant to electric shocks.
                  | (rElec) [Jiyva's grace]
 51381 | Elf:3    | Lost mutation: Your spells are much harder to cast, but
                  | much more powerful. [Jiyva's grace]
 51381 | Elf:3    | Lost mutation: Your spells are harder to cast, but more
                  | powerful. [Jiyva's grace]
 51381 | Elf:3    | Lost mutation: Armour fits poorly on your pseudopods.
                  | [Jiyva's grace]
 51381 | Elf:3    | Gained mutation: Your rubbery body absorbs attacks. (AC +1,
                  | EV +1) [Jiyva's grace]
 51381 | Elf:3    | Gained mutation: Your pliable body absorbs attacks. (AC +2,
                  | EV +2) [Jiyva's grace]
 51381 | Elf:3    | Gained mutation: Your gelatinous body deflects attacks. (AC
                  | +3, EV +3) [Jiyva's grace]
 51381 | Elf:3    | Gained mutation: Armour fits poorly on your pseudopods.
                  | [Jiyva's grace]
 51571 | Elf:3    | Identified the +1 orcbow of Noon {freeze, ^Drain rCorr
                  | Dex-2 Stlth+}
 51587 | Elf:3    | HP: 5/195 [deep elf master archer/arrow (16)]
 51758 | Elf:3    | Identified the ring "Ixuttuv" {Str+3 Int+4 Dex+6}
 51978 | D:12     | Learned a level 3 spell: Passwall
 52118 | Depths:1 | Entered Level 1 of the Depths
 52129 | Depths:1 | Noticed Norris
 52229 | Depths:1 | Killed Norris
 52371 | Depths:1 | Reached skill level 25 in Necromancy
 52419 | Depths:1 | Found a gateway to Hell.
 52600 | Depths:1 | Found a runed translucent door.
 52600 | Depths:1 | Found a shimmering altar of Xom.
 52600 | Depths:1 | Noticed Gaexku's ghost (veteran DrSh)
 52856 | Depths:1 | Reached skill level 15 in Dodging
 53199 | Depths:1 | Killed Gaexku's ghost
 53307 | Depths:2 | Identified the +2 robe of Untruth {Will+ Archmagi}
 53307 | Depths:2 | Noticed Boris
 53316 | Depths:2 | Killed Boris
 53366 | Depths:2 | Reached XP level 23. HP: 169/204 MP: 32/44
 53473 | Depths:2 | Found a one-way gateway to a ziggurat.
 53488 | Depths:2 | Reached skill level 18 in Spellcasting
 53625 | Depths:2 | Noticed a juggernaut
 53625 | Depths:2 | Noticed a caustic shrike
 53626 | Depths:2 | Found a runed translucent door.
 53627 | Depths:2 | Noticed a juggernaut
 53720 | Depths:2 | Noticed the Enchantress
 53728 | Depths:2 | Killed the Enchantress
 53876 | Depths:2 | Found a one-way gate leading to the halls of Pandemonium.
 54385 | Depths:3 | Noticed Grunn
 54393 | Depths:3 | Killed Grunn
 54475 | Depths:3 | Found the +6 shillelagh "Devastator" {shatter}
 54797 | Depths:3 | Reached skill level 1 in Translocations
 54858 | Depths:3 | Lost mutation: Your spells are a little harder to cast, but
                  | a little more powerful. [Jiyva's grace]
 54858 | Depths:3 | Gained mutation: Your melee attacks may engulf your foes in
                  | ooze. [Jiyva's grace]
 54858 | Depths:3 | Gained mutation: Your mind is acute. (Int +4, Str/Dex -1)
                  | [Jiyva's grace]
 54858 | Depths:3 | Gained mutation: Your mind is very acute. (Int +8, Str/Dex
                  | -2) [Jiyva's grace]
 54858 | Depths:3 | Gained mutation: Your flesh is cold resistant. (rC+)
                  | [Jiyva's grace]
 54873 | Depths:3 | Noticed Xtahua
 54884 | Depths:3 | Killed Xtahua
 54910 | Depths:3 | Found a one-way gate to the infinite horrors of the Abyss.
 55094 | Depths:3 | Reached skill level 3 in Translocations
 55247 | Depths:4 | Entered Level 4 of the Depths
 55250 | Depths:4 | Noticed a caustic shrike
 55252 | Depths:4 | Noticed a caustic shrike
 55254 | Depths:4 | Noticed a caustic shrike
 55254 | Depths:4 | Noticed a caustic shrike
 55258 | Depths:4 | Killed a caustic shrike
 55262 | Depths:4 | Killed a caustic shrike
 55313 | Depths:3 | Killed a caustic shrike
 55433 | Depths:4 | Identified the +2 robe of Nymanu Oriu {rElec Regen+ Str-4
                  | SInv}
 55433 | Depths:4 | Noticed Boris
 55441 | Depths:4 | Killed Boris
 55490 | Depths:4 | Reached skill level 6 in Translocations
 55750 | Depths:4 | Killed a caustic shrike
 55868 | Depths:4 | Found a gate to the Realm of Zot.
 55977 | Depths:4 | Found Kiusyhid's General Store.
 55983 | Depths:4 | Bought a potion of curing for 33 gold pieces
 56028 | Depths:4 | Reached XP level 24. HP: 214/214 MP: 45/45
 56069 | Depths:4 | Learned a level 7 spell: Malign Gateway
 56380 | Vaults:5 | Entered Level 5 of the Vaults
 56456 | Vaults:5 | Reached skill level 9 in Translocations
 56525 | Vaults:5 | Reached skill level 15 in Summonings
 56835 | Vaults:5 | Identified the +3 rapier "Ruryppiav" {venom, rElec rF+}
 56835 | Vaults:5 | Identified the +9 great mace of Wyrd {pain, rElec Dex+2}
 56835 | Vaults:5 | Identified the +8 scimitar of the Countless Planets {pain,
                  | Str+3 Int+4 Stlth+}
 56845 | Vaults:5 | Noticed a dread lich
 56848 | Vaults:5 | Reached skill level 18 in Fighting
 56857 | Vaults:5 | Killed a dread lich
 57064 | Vaults:5 | Lost mutation: Your tail ends in a wickedly sharp and
                  | venomous barb. [Jiyva's grace]
 57064 | Vaults:5 | Lost mutation: Your gelatinous body deflects attacks. (AC
                  | +3, EV +3) [Jiyva's grace]
 57064 | Vaults:5 | Lost mutation: Your pliable body absorbs attacks. (AC +2,
                  | EV +2) [Jiyva's grace]
 57064 | Vaults:5 | Gained mutation: Your spells are a little harder to cast,
                  | but a little more powerful. [Jiyva's grace]
 57064 | Vaults:5 | Gained mutation: Your spells are harder to cast, but more
                  | powerful. [Jiyva's grace]
 57064 | Vaults:5 | Gained mutation: Your spells are much harder to cast, but
                  | much more powerful. [Jiyva's grace]
 57064 | Vaults:5 | Gained mutation: Armour fits poorly on your large
                  | pseudopods. [Jiyva's grace]
 57079 | Vaults:5 | Got the Compilation of Conflagrant Geomancy
 57098 | Vaults:5 | Identified the +11 halberd "Kopsorou" {drain, Fly rF- rCorr
                  | Int+4}
 57098 | Vaults:5 | Identified the ring "Cisamid" {Ice Will++ Str+3 Slay-3}
 57554 | Vaults:5 | Got a silver rune of Zot
 57684 | Vaults:5 | Identified the +1 pair of boots of the Doldrums {rElec}
 57687 | Vaults:5 | Identified the staff of Tenacity {rElec rC+ Will- Str+3
                  | Conj Air}
 58130 | Orc:2    | Bought 2 scrolls of teleportation for 84 gold pieces
 58130 | Orc:2    | Bought a scroll of teleportation for 42 gold pieces
 58132 | Orc:2    | Bought a +1 cloak of preservation for 214 gold pieces
 58417 | Depths:2 | Killed a juggernaut
 58459 | Depths:2 | Killed a juggernaut
 58482 | Depths:2 | Identified the staff "Orb Guardian's Foe" {rElec rN+ rCorr
                  | Necro}
 58539 | Zig:1    | Entered Level 1 of a ziggurat
 58639 | Zig:2    | Entered Level 2 of a ziggurat
 58673 | Zig:3    | Entered Level 3 of a ziggurat
 58685 | Zig:3    | Reached XP level 25. HP: 161/226 MP: 10/45
 58691 | Zig:3    | Identified the +9 arbalest of Cowardice {drain, rN++ Int+3}
 58726 | Zig:4    | Entered Level 4 of a ziggurat
 58749 | Zig:4    | Identified the staff "Matwyot" {Fly rElec rC+ Dex-4 Ice}
 58852 | Zig:5    | Entered Level 5 of a ziggurat
 58879 | Zig:5    | Found the +2 hat of the Bear Spirit {Spirit, Bear, *Rage
                  | Will++}
 58890 | Zig:5    | Identified the staff "Teriuros" {Int+4 Earth}
 58918 | Zig:6    | Entered Level 6 of a ziggurat
 59157 | Depths:4 | Upgraded the game from 0.32-a0-975-g85d4e5bfdb to
                  | 0.32-a0-981-g384da2ce10
 59160 | Zot:1    | Entered Level 1 of the Realm of Zot
 59932 | Zot:1    | Identified the dragon-blood talisman of Zaobua {rElec rN+
                  | Will+}
 60388 | Zot:1    | Learned a level 7 spell: Rimeblight
 60462 | Zot:2    | Noticed an orb of fire
 60583 | Zot:2    | Lost mutation: Your flesh is cold resistant. (rC+) [Jiyva's
                  | grace]
 60583 | Zot:2    | Lost mutation: Armour fits poorly on your large pseudopods.
                  | [Jiyva's grace]
 60583 | Zot:2    | Gained mutation: You expend magic power (3 MP) to
                  | strengthen your wands. [Jiyva's grace]
 60583 | Zot:2    | Gained mutation: Your body has grown eyes which may confuse
                  | attackers. (Acc +3) [Jiyva's grace]
 60583 | Zot:2    | Gained mutation: Your body has grown many eyes which may
                  | confuse attackers. (Acc +5) [Jiyva's grace]
 60583 | Zot:2    | Gained mutation: Your body is covered in eyes which may
                  | confuse attackers. (Acc +7, SInv) [Jiyva's grace]
 60595 | Zot:1    | Reached skill level 26 in Necromancy
 61094 | Zot:2    | Killed an orb of fire
 61659 | Zot:3    | Killed from afar by a purple draconian

Illustrated notes

Levels and vault maps discovered:
D:1:      amcnicky_arrival_abandoned_market, layout_basic, serial_shops,
          nicolae_shop_waterfront, minmay_tromino_v4_a
D:2:      layout_rooms, basic_altar, chequers_serial_rivers_marsh
D:3:      layout_loops_ring, mainiacjoe_overflow_paths, uniq_robin
D:4:      layout_cave_pools, serial_forest, infiniplex_forest_join,
          infiniplex_forest_pool, infiniplex_forest_lined_3,
          infiniplex_forest_straight_4, infiniplex_forest_join,
          infiniplex_forest_clump_diagonal, infiniplex_forest_3_way,
          infiniplex_forest_end_2, infiniplex_forest_clump_curved
D:5:      layout_rooms, water_maze_lemuel, uniq_sigmund
D:6:      layout_cave_pods, minmay_temple_entry_antechambers
D:7:      layout_loops_ring
D:8:      layout_rooms, serial_library_hellmonk_angled_corner,
          minmay_shop_enchanted_jewellery
D:9:      layout_gridville, chequers_serial_rivers_small_3
D:10:     layout_loops_corners, nicolae_overflow_hidden_temple,
          gammafunk_ghost_wrathful_warriors, uniq_fannar, uniq_psyche
D:11:     lemuel_ogre_cave, layout_basic, erik_lair_island, serial_shops,
          nicolae_shop_hallway_stairs, gauntlet_entry_generic, kennysheep_donut,
          nrook_campfire
D:12:     layout_roguey, minmay_orc_entry_temple_small
D:13:     layout_basic
D:14:     layout_roguey, hellmonk_vaults_order_and_chaos,
          hangedman_decor_clover_reticule, gammafunk_ghost_fury_of_okawaru,
          serial_co_window_serial, co_window_corner_a, co_window_corner_a,
          co_window_paths_a, co_window_corner_a, co_window_corner_a,
          co_window_corner_a, co_window_paths_a, co_window_paths_a,
          co_window_paths_a, co_window_corner_cb, co_window_of_opportunity_c,
          glass_columns_a, glass_columns_a, glass_columns_b, glass_columns_c,
          glass_columns_a, grunt_ministairs_15
D:15:     hangedman_depths_entry_try_elsewhere_first, layout_basic,
          nicolae_two_hexagons, dreamdust_princess_corridor,
          nicolae_shop_vocational, uniq_agnes, uniq_nessos, uniq_rupert
Temple:   nicolae_temple_slightly_damp_pantheon
Lair:1:   layout_regular_city
Lair:2:   layout_hall_layers, dummy_spider_entry,
          chequers_serial_rivers_micro_a, bobbens_dragon_lair_wall
Lair:3:   layout_regular_city, shoals_dummy_entry, gammafunk_ghost_hydra_chop
Lair:4:   layout_regular_city, slime_entry_1, serial_bayou_pond_d,
          grunt_megastairs_4
Lair:5:   grunt_lair_end_beastmaster, layout_loops_ring, grunt_megastairs_2,
          infiniplex_staircase_pool
Shoals:1: layout_shoals, serial_shops, nicolae_square_shop
Shoals:2: layout_shoals
Shoals:3: layout_shoals, serial_shops, shop, shop_statue
Shoals:4: shoals_end_hangedman, layout_shoals
Spider:1: layout_chambers
Spider:2: layout_spider_delve, gammafunk_ghost_mausoleum
Spider:3: layout_spider_delve, uniq_asterion
Spider:4: grunt_spider_rune_circles
Slime:1:  layout_caves
Slime:2:  layout_caves
Slime:3:  layout_caves
Slime:4:  layout_caves
Slime:5:  slime_pit, uniq_dissolution
Orc:1:    layout_caves
Orc:2:    st_orc_elflike, layout_diamond_mine, basic_altar, uniq_snorg,
          uniq_azrael
Elf:1:    minmay_the_grid_octo_triangle [minmay_the_grid_octo_pinwheel,
          minmay_the_grid_octo_prize_big_c, minmay_the_grid_octo_odd_swirl],
          layout_rooms, portal_desolation_entry_ruin, serial_shops, shop,
          hangedman_elf_represent
Elf:2:    elven_hall_of_blades_hangedman_alternative
          [mumra_blade_entry_bloodbath], layout_loops_corners, hex_medium,
          st_stairs_12, minmay_misc_feat_diagonals, uniq_louise
Elf:3:    nooodl_elf_gasket, layout_geoelf_octagon, serial_sigils_hangedman_gut,
          drop_trap, st_stairs_2, hellmonk_elf_help
Vaults:1: hangedman_vaults_hat, nicolae_vaults_diamond_1,
          hangedman_vaults_restitches, vaults_room_fours,
          ontoclasm_vaults_ring_small, ontoclasm_vaults_fault,
          nicolae_vaults_theta, ontoclasm_vaults_hangar, grunt_vaults_diagonal,
          nicolae_vaults_closet_pinwheel_6, nicolae_vaults_minivaults,
          v_misc_17, layout_vaults_omnicross
Vaults:2: nicolae_vaults_closet_pinwheel_1, v_misc_5, v_alt_pattern_6,
          nicolae_vaults_tetromino_Z_2, grunt_vaults_twisty,
          nicolae_vaults_triangles, vaults_dpeg_doors,
          vaults_standard_mumra_enter_the_diamond,
          nicolae_vaults_ring_of_whatevers, layout_vaults_omnibox, uniq_mara
Vaults:3: vaults_room_corners, ontoclasm_vaults_loading_screen,
          nicolae_vaults_little_squares_4, nicolae_vaults_diamond_1,
          nicolae_vaults_apartment_1, nicolae_vaults_apartment_1,
          minmay_crypt_entry_simple_box, nicolae_vaults_apartment_1,
          nicolae_vaults_surprise_closet, nicolae_vaults_yaktaur_gun_rack,
          layout_vaults_omnigrid, serial_shops, nicolae_lakefront_shop
Vaults:4: hangedman_vaults_snaps, hangedman_vaults_capsules,
          ontoclasm_vaults_loading_screen, vaults_mumra_bighexcomb,
          nicolae_vaults_more_shelving_1, nicolae_vaults_bisected_inception,
          nicolae_vaults_offset_grid_hallway_4, nicolae_vaults_little_squares_6,
          vaults_standard_mumra_lines, v_misc_1, vaults_room_door_hall,
          nicolae_vaults_storage_room_doors, nicolae_vaults_tetromino_T_1,
          layout_vaults_maze_bifur, enter_trove_0, serial_shops, shop
Vaults:5
Crypt:1:  layout_rooms, grunt_megastairs_1
Crypt:2:  layout_misc_corridors, basic_altar
Crypt:3:  grunt_crypt_end_deaths_head, uniq_frederick, uniq_vv, uniq_boris
Depths:1: layout_basic, ebering_ghost_xom, hellmouth_3, serial_bayou_lagoon_b,
          uniq_norris
Depths:2: minmay_gate_of_8, layout_cave_pools, enter_ziggurat_b,
          rand_demon_pan_entry_4, infiniplex_staircase_trident, hell_entry,
          kennysheep_generic_room_4, uniq_enchantress
Depths:3: minmay_roctagon, layout_gridlike, chequers_serial_rivers_large_b,
          abyss_entry, hell_entry, grunt_ministairs_8, minmay_staircase_statues,
          uniq_grunn, uniq_xtahua
Depths:4: grunt_crosshair, layout_cave_pools, serial_shops,
          nicolae_shop_rolling_square, hell_entry, minmay_misc_feat_doors
Zot:1:    layout_twisted_circle
Zot:2:    dreamdust_black_sun_cult, layout_twisted_circle, lemuel_flame_loot_1
Zot:3:    nicolae_zot_stationary_front, layout_onion,
          regret_index_zotdec_decaying_vile

Skill      XL: |  1  2  3  4  5  6  7  8  9 10 11 12 13 14 15 16 17 18 19 20 21 22 23 24 25 |
---------------+----------------------------------------------------------------------------+-----
Stealth        | 2 3 5 6 7 8 |  8.0
Dodging        | 2 3 4 6 8 9 10 12 13 15 16 17 | 17.1
Fighting       | 1 3 5 6 7 9 10 13 15 16 17 18 19 | 19.2
Summonings     | 1 2 3 4 5 8 10 11 12 14 16 17 | 17.2
Air Magic      | 1 2 3 3 4 5 |  5.0
Spellcasting   | 3 4 5 6 7 8 9 10 11 13 14 15 16 17 18 | 18.7
Necromancy     | 5 6 8 9 11 14 16 18 20 22 24 25 26 | 26.1
Earth Magic    | 5 6 |  6.0
Hexes          | 4 5 |  5.0
Ice Magic      | 7 10 | 10.0
Translocations | 7 10 | 10.7

Action                     |  1- 3 |  4- 6 |  7- 9 | 10-12 | 13-15 | 16-18 | 19-21 | 22-24 | 25-27 || total
---------------------------+-------+-------+-------+-------+-------+-------+-------+-------+-------++-------
  Melee: Unarmed           |    56 |    11 |       |       |       |       |       |       |       ||    67
         Tailslap          |     6 |     3 |    14 |    88 |   231 |    86 |    53 |    33 |    22 ||   536
         Punch             |     1 |       |       |       |       |       |       |       |       ||     1
         Whip              |       |    25 |    43 |       |       |       |       |       |       ||    68
         Short sword       |       |       |   100 |   139 |       |       |       |       |       ||   239
         Quick blade       |       |       |       |   426 |   933 |       |       |       |       ||  1359
         Scimitar          |       |       |       |       |    25 |   403 |   190 |       |       ||   618
         Pseudopods        |       |       |       |       |       |    71 |    72 |    59 |    28 ||   230
         Staff             |       |       |       |       |       |       |     6 |   142 |     7 ||   155
         Rapier            |       |       |       |       |       |       |       |       |    48 ||    48
   Cast: Necrotise         |    77 |   188 |   184 |    46 |       |       |       |       |       ||   495
         Summon Lightning  |       |       |    30 |    62 |    48 |    27 |       |       |       ||   167
         Animate Dead      |       |       |       |    16 |    25 |    23 |    15 |    13 |     7 ||    99
         Anguish           |       |       |       |    14 |   130 |   218 |    48 |     6 |     1 ||   417
         Borgnjor's Vile C |       |       |       |       |    45 |   191 |   160 |   235 |    82 ||   713
         Death Channel     |       |       |       |       |    37 |    61 |    29 |    27 |    11 ||   165
         Dispel Undead     |       |       |       |       |     1 |    57 |    59 |    15 |     2 ||   134
         Haunt             |       |       |       |       |       |    80 |   126 |   268 |    77 ||   551
         Infestation       |       |       |       |       |       |     2 |    76 |    29 |     6 ||   113
         Rimeblight        |       |       |       |       |       |       |    50 |       |    19 ||    69
         Death's Door      |       |       |       |       |       |       |       |     2 |       ||     2
         Malign Gateway    |       |       |       |       |       |       |       |     1 |     2 ||     3
         Passwall          |       |       |       |       |       |       |       |       |     4 ||     4
 Invoke: Unearth Wretches  |       |       |       |       |    20 |       |       |       |       ||    20
         Receive Forbidden |       |       |       |       |     1 |       |       |       |       ||     1
         Oozemancy         |       |       |       |       |       |       |       |     1 |       ||     1
Ability: Mud Breath        |       |       |     2 |     3 |     2 |     2 |       |     1 |       ||    10
  Evoke: Wand              |       |       |       |     8 |       |     1 |       |       |       ||     9
         Lightning rod     |       |       |       |       |       |       |       |     2 |       ||     2
         Gell's gravitambo |       |       |       |       |       |       |       |       |     1 ||     1
    Use: Scroll            |       |     3 |    11 |     4 |     5 |     3 |     7 |     6 |     8 ||    47
         Potion            |       |       |       |     1 |     7 |     3 |     2 |     4 |     9 ||    26
   Stab: Sleeping          |     1 |       |       |       |     1 |     2 |     1 |       |       ||     5
         Distracted        |       |       |       |    10 |    12 |    21 |     4 |     7 |     1 ||    55
         Petrified         |       |       |       |     5 |     8 |       |       |       |       ||    13
         Paralysed         |       |       |       |       |    18 |       |       |       |       ||    18
 Armour: Skin              |    37 |   111 |   227 |   466 |   659 |   995 |   529 |   416 |   276 ||  3716
  Dodge: Dodged            |    56 |   119 |   147 |   395 |   587 |   774 |   421 |   401 |   174 ||  3074

Table legend: (Time is in decaauts)
 A = Elapsed time spent in this place.
 B = Non-inter-level travel time spent in this place.
 C = Inter-level travel time spent in this place.
 D = Time resting spent in this place.
 E = Time spent auto-exploring this place.
 F = Levels seen in this place.
 G = Mean time per level.
                   A        B        C        D        E       F      G
               +--------+--------+--------+--------+--------+-----+--------+
         Total |  62335 |  53078 |   9257 |   5176 |  35726 |  61 | 1021.9 |
       Dungeon |  21012 |  17756 |   3256 |   1828 |  12819 |  15 | 1400.8 |
        Temple |     38 |      1 |     37 |      0 |      0 |   1 |   38.0 |
          Lair |   9597 |   7591 |   2006 |   1435 |   4764 |   5 | 1919.4 |
        Shoals |   3370 |   3125 |    245 |    142 |   2087 |   4 |  842.5 |
   Spider Nest |   3989 |   3236 |    753 |     71 |   2092 |   4 |  997.2 |
    Slime Pits |   1745 |   1326 |    419 |     14 |    973 |   5 |  349.0 |
  Orcish Mines |   3417 |   2681 |    736 |    575 |   1658 |   2 | 1708.5 |
   Elven Halls |   3653 |   3317 |    336 |    153 |   2096 |   3 | 1217.7 |
        Vaults |   5780 |   5255 |    525 |     65 |   3810 |   5 | 1156.0 |
         Crypt |   2127 |   1959 |    168 |     46 |   1332 |   3 |  709.0 |
        Depths |   4416 |   3767 |    649 |    449 |   2289 |   4 | 1104.0 |
           Zot |   2570 |   2446 |    124 |    184 |   1610 |   3 |  856.7 |
      Ziggurat |    412 |    412 |      0 |    213 |     56 |   6 |   68.7 |
      Gauntlet |    202 |    202 |      0 |      0 |    138 |   1 |  202.0 |
               +--------+--------+--------+--------+--------+-----+--------+

Top non-repeatable levels by time:
   Orc:2: 2552 daAuts
  Lair:2: 2353 daAuts
  Lair:3: 2021 daAuts
    D:14: 2013 daAuts
    D:11: 1998 daAuts
  Lair:5: 1996 daAuts
     D:4: 1741 daAuts
  Lair:1: 1718 daAuts
    D:12: 1669 daAuts
    D:10: 1623 daAuts
    D:13: 1605 daAuts
  Lair:4: 1506 daAuts
   Elf:1: 1480 daAuts
Vaults:5: 1465 daAuts
Depths:2: 1390 daAuts
